 Dungeon Crawl Stone Soup version 0.21.1-1-g345015f (webtiles) character file.

179 shakethe the Skirmisher (level 5, 0/42 HPs)
             Began as a Demonspawn Fighter on Feb 21, 2018.
             Slain by an orc (3 damage)
             ... on level 4 of the Dungeon.
             The game lasted 00:03:43 (2882 turns).

shakethe the Skirmisher (Demonspawn Fighter)        Turns: 2882, Time: 00:03:43

Health: 0/42       AC:  9    Str: 16    XL:     5   Next: 32%
Magic:  5/5        EV:  6    Int: 11    God:
Gold:   126        SH:  8    Dex: 12    Spells: 4/4 levels left

rFire    . . .     SeeInvis .   a - +0 war axe
rCold    . . .     Gourm    .   c - +0 shield
rNeg     . . .     Faith    .   b - +0 scale mail
rPois    .         Spirit   .   (no helmet)
rElec    .         Reflect  .   (no cloak)
rCorr    .         Harm     .   (no gloves)
MR       .....                  (no boots)
Stlth    +.........             (no amulet)
HPRegen  0.14/turn              (no ring)
MPRegen  0.09/turn              (no ring)

@: lethally poisoned (0 -> -1), slowed, very slow
A: claws 1, molten scales 1, nightstalker 1
a: no special abilities


You were on level 4 of the Dungeon.
You were not hungry.

You visited 1 branch of the dungeon, and saw 4 of its levels.

You collected 126 gold pieces.

Inventory:

Hand Weapons
 a - a +0 war axe (weapon)
Armour
 b - a +0 scale mail (worn)
 c - a +0 shield (worn)
Scrolls
 d - a scroll of fog {unknown}
 e - a scroll of enchant armour {unknown}
 j - a scroll of magic mapping {unknown}
 l - 2 scrolls of identify {unknown}
 n - 2 scrolls of enchant weapon {unknown}
 r - a scroll of remove curse {unknown}
Potions
 g - a potion of berserk rage {unknown}
 h - a potion of degeneration {unknown}
 i - 2 potions of invisibility {unknown}
 k - a potion of lignification {unknown}
 m - 2 potions of brilliance {unknown}
 o - a potion of heal wounds {unknown}
 q - a potion of haste {unknown}
Comestibles
 f - 7 rations


   Skills:
 + Level 4.2 Fighting
 + Level 3.3 Axes
 + Level 3.8 Armour
 - Level 2.6 Shields


You had 4 spell levels left.
You didn't know any spells.

Dungeon Overview and Level Annotations

Branches:
Dungeon (4/15)
 Temple: D:4-7

Altars:
Cheibriados
Elyvilon
Ru
Uskayaw
Vehumet
Zin

Annotations:
D:3 Grinder


Innate Abilities, Weirdness & Mutations

You have sharp fingernails.
You are partially covered in molten scales. (AC +2)
You are slightly more attuned to the shadows.


Message History

You take 1 damage, and have 34/42 hp.
The adder hisses angrily.
You slash the worker ant!
You kill the worker ant!
You feel sick.
You take 1 damage, and have 33/42 hp.
You see here a worker ant corpse.
You closely miss the adder.
You feel sick. You block the adder's attack. x2
You take 1 damage, and have 33/42 hp.
You closely miss the adder. The adder bites you.
You are more poisoned.
The adder poisons you! You block the adder's attack.
You take 2 damage, and have 31/42 hp.
You miss the adder.
You feel sick. The adder barely misses you.
The adder bites you but does no damage.
You take 2 damage, and have 29/42 hp.
You hit the adder.
You feel sick. The adder bites you.
You are more poisoned.
The adder poisons you! You block the adder's attack.
You take 3 damage, and have 26/42 hp.
You miss the adder.
You feel sick. You block the adder's attack.
You take 1 damage, and have 25/42 hp.
You slash the adder!
You kill the adder!
You feel sick.
You take 1 damage, and have 24/42 hp.
You feel sick.
You take 1 damage, and have 23/42 hp.
You feel sick.
You take 1 damage, and have 22/42 hp.
You feel sick.
You take 1 damage, and have 21/42 hp.
You feel sick.
You take 1 damage, and have 20/42 hp.
An orc and an orc wizard come into view.
The orc shouts!
The orc wizard shouts!
You hear a shout!
Found a stone staircase leading down. 2 orcs come into view.
You feel sick.
The orc shouts!
A worm and an orc come into view.
You take 1 damage, and have 20/42 hp.
You feel sick.
You take 1 damage, and have 19/42 hp.
You hit the orc wizard. The orc wizard barely misses you.
You hit the orc wizard. You hit the orc. x2; You feel sick.
The orc wizard casts a spell.
The orc wizard blinks!
You block the orc's attack. The orc hits you. The orc barely misses you.
You take 2 damage, and have 17/42 hp.
The orc hits you but does no damage. You block the orc's attack.
You hit the orc but do no damage. You barely miss the orc.
You closely miss the orc.
You feel sick. The orc hits you but does no damage.
The orc wizard mumbles some strange words.
The orc wizard blinks!
The orc hits you with a hand axe. You block the orc's attack.
You take 1 damage, and have 16/42 hp.
You slash the orc!
You kill the orc!
You closely miss the orc. You hit the orc. You slash the orc!
You kill the orc!
You feel sick. The orc hits you but does no damage.
The orc wizard mumbles some strange words.
The orc wizard seems to speed up.
The orc hits you with a flail.
* * * LOW HITPOINT WARNING * * *
The orc completely misses you.
You take 4 damage, and have 12/42 hp.
The orc hits you but does no damage. The orc barely misses you.
Things that are here:
a hand axe; a ring mail; an orc corpse You block the orc's attack.
The orc wizard casts a spell.
The orc wizard blinks!
You feel sick. The orc wizard casts a spell at you. The magic dart hits you!
* * * LOW HITPOINT WARNING * * *
You take 5 damage, and have 7/42 hp.
The orc wizard gestures wildly while chanting.
The orc wizard blinks!
All of the chunks of flesh in your inventory have rotted away.
You feel sick. You block the orc wizard's attack.
The orc wizard points at you and mumbles some strange words.
You feel yourself slow down.
You take 1 damage, and have 7/42 hp.
The orc wizard casts a spell at you. The magic dart hits you!
* * * LOW HITPOINT WARNING * * *
You take 4 damage, and have 3/42 hp.
Okay, then.
The orc wizard hits you but does no damage.
You block the orc's attack.
You feel sick.
The orc wizard points at you and mumbles some strange words.
You resist with some effort.
There is a stone staircase leading up here.
You take 1 damage, and have 2/42 hp.
You block the orc wizard's attack. The orc hits you.
You die...

##....#....
.......>..
......... #........
###########........
#.@oo..w......)....
#..o†.......)......
#...........).#.###
#######......## ..
#...###.# .. #..#.#
#... . #.....#
#..## #.##### #...


You could see a worm, an orc wizard and 2 orcs.

Vanquished Creatures
  Jessica (D:3)
  A worker ant (D:4)
  4 adders
  2 oozes
  A worm (D:3)
  A dart slug (D:1)
  A leopard gecko (D:2)
  3 orcs
  2 giant cockroaches
  12 goblins
  5 hobgoblins
  10 jackals
  A quokka (D:3)
  6 bats
  6 frilled lizards
  12 kobolds
  7 rats
75 creatures vanquished.

Notes
Turn   | Place    | Note
-------+----------+-------------------------------------------
     0 | D:1      | shakethe the Demonspawn Fighter began the quest for the Orb.
     0 | D:1      | Reached XP level 1. HP: 18/18 MP: 1/1
   105 | D:1      | Reached skill level 2 in Axes
   113 | D:1      | HP: 3/18 [jackal (2)]
   114 | D:1      | HP: 1/18 [kobold/whip (1)]
   117 | D:1      | Gained mutation: You have sharp fingernails. [demonic ancestry]
   117 | D:1      | Reached XP level 2. HP: 2/24 MP: 2/2
   119 | D:1      | HP: 1/24 [jackal (1)]
   470 | D:1      | Reached skill level 3 in Armour
   638 | D:1      | Gained mutation: You are partially covered in molten scales. (AC +2) [demonic ancestry]
   638 | D:1      | Reached XP level 3. HP: 18/29 MP: 3/3
  1625 | D:2      | Gained mutation: You are slightly more attuned to the shadows. [demonic ancestry]
  1625 | D:2      | Reached XP level 4. HP: 34/37 MP: 4/4
  1658 | D:2      | Found a sacrificial altar of Ru.
  2026 | D:3      | Found a radiant altar of Vehumet.
  2026 | D:3      | Found a hide-covered altar of Uskayaw.
  2029 | D:3      | Found a snail-covered altar of Cheibriados.
  2083 | D:3      | Noticed Grinder
  2110 | D:3      | Paralysed by Grinder for 2 turns
  2273 | D:3      | Found a glowing silver altar of Zin.
  2377 | D:3      | Found a white marble altar of Elyvilon.
  2402 | D:3      | Noticed Jessica
  2409 | D:3      | Killed Jessica
  2409 | D:3      | Reached skill level 4 in Fighting
  2409 | D:3      | Reached skill level 3 in Axes
  2640 | D:3      | Reached XP level 5. HP: 37/42 MP: 5/5
  2874 | D:4      | HP: 7/42 [orc wizard/magic dart (4)]
  2879 | D:4      | HP: 3/42 [orc wizard/magic dart (4)]
  2882 | D:4      | Slain by an orc

Skill      XL: |  1  2  3  4 |
---------------+-------------+-----
Axes           | 2 3 |  3.3
Armour         | 3 |  3.8
Fighting       | 4 |  4.2
Shields        | |  2.6

Action                   |  1- 3 |  4- 6 || total
-------------------------+-------+-------++-------
Melee: War axe           |   160 |   119 ||   279
  Use: Potion            |     1 |       ||     1
  Eat: Chunk             |     3 |     4 ||     7
Armor: Scale mail        |   107 |    54 ||   161
Dodge: Dodged            |    55 |    37 ||    92
Block: Shield            |    97 |    64 ||   161

Vault maps used:
D:1:      mrwooster_arrival_statue_2, serial_curves, eino_curves_01,
          eino_curves_02, eino_curves_01, eino_curves_03, minmay_misc_feat_tower
D:2:      lemuel_doored_altar, first_ration
D:3:      grunt_temple_overflow_open, elyvilon_altar_4, zin_academy,
          uniq_jessica, uniq_grinder
D:4:      evilmike_ruin_ashenzari, hangedman_decor_slide_cut, uniq_pikel

Table legend:
 A = Turns spent in this place as a percentage of turns spent in the entire game.
 B = Non-inter-level travel turns spent in this place as a percentage of non-inter-level travel turns spent in the entire game.
 C = Inter-level travel turns spent in this place as a percentage of turns spent in this place.
 D = Turns resting spent in this place as a percentage of non-inter-level travel turns spent in this place.
 E = Turns spent auto-exploring this place as a percentage of non-inter-level travel turns spent in this place.
 F = Non-inter-level travel turns spent in this place divided by the number of levels of this place that you've seen.
                   A       B       C       D       E      F
               +-------+-------+-------+-------+-------+----------------------
         Total | 100.0 | 100.0 |   0.7 |  20.6 |  54.8 | 715.2
       Dungeon | 100.0 | 100.0 |   0.7 |  20.6 |  54.8 | 715.2
               +-------+-------+-------+-------+-------+----------------------

Table legend:
 A = Kills in this place as a percentage of kills in entire the game.
 B = Kills by you in this place as a percentage of kills by you in the entire game.
 C = Kills by friends in this place as a percentage of kills by friends in the entire game.
 D = Other kills in this place as a percentage of other kills in the entire game.
 E = Experience gained in this place as a percentage of experience gained in the entire game.
 F = Experience gained in this place divided by the number of levels of this place that you have seen.
                   A       B       C       D       E      F
               +-------+-------+-------+-------+-------+----------------------
         Total | 100.0 | 100.0 |   N/A |   N/A | 100.0 |  64.0
       Dungeon | 100.0 | 100.0 |   N/A |   N/A | 100.0 |  64.0
               +-------+-------+-------+-------+-------+----------------------
